TOP OF THE 1ST |
---|
Penquannock Overrated Jeter batting - Pitching for Newark Bulldogs : RHP Rusty van Rhee | Pitching: RHP Rusty van Rhee | | Batting: RHB Gary Wyatt | 0-0: Ball 1-0: Ball 2-0: Ball 3-0: Called Strike 3-1: Base on Balls | Batting: RHB Alberto Campos | 0-0: SINGLE (Groundball, 4MD) Gary Wyatt to second | Batting: LHB Eric Powell | 0-0: Foul Ball, location: 2F 0-1: SINGLE (Groundball, 4MD) Gary Wyatt to third Alberto Campos to second Runner from 3rd tries for Home, SAFE, no throw | Batting: SHB Tim Reid | 0-0: Ball 1-0: Ball 2-0: Foul Ball, location: 2F 2-1: Ball 3-1: Foul Ball, location: 2F 3-2: SINGLE (Groundball, 4MD) Alberto Campos to third Eric Powell to second | Batting: SHB Cristián López | 0-0: Ball 1-0: SINGLE (Flyball, 7S) Alberto Campos scores Eric Powell to third Tim Reid to second Runner from 3rd tries for Home, SAFE, throw made home | Batting: LHB Matt Reese | 0-0: Ball 1-0: Ball 2-0: Foul Ball, location: 2F 2-1: Called Strike 2-2: Ball 3-2: Base on Balls Tim Reid to third Cristián López to second | Batting: LHB Félix Costa | 0-0: Called Strike 0-1: Grounds into double play, 4-6-3 (Groundball, 34D) Tim Reid scores Cristián López to third | Batting: RHB Phil Wright | 0-0: Called Strike 0-1: Fly out, F7 (Flyball, 78XD) | Top of the 1st over - 4 runs, 4 hits, 0 errors, 1 left on base; Penquannock 4 - Newark 0 | BOTTOM OF THE 1ST |
---|
Newark Bulldogs batting - Pitching for Penquannock Overrated Jeter : LHP Héctor Díaz | Pitching: LHP Héctor Díaz | | Batting: RHB Dan McKay | 0-0: Called Strike 0-1: Called Strike 0-2: Ball 1-2: Ball 2-2: Foul Ball, location: 2F 2-2: Ground out 3-1 (Groundball, 23) | Batting: RHB Norris Howard | 0-0: Ball 1-0: Ball 2-0: Fly out, F7 (Flyball, 7S) | Batting: RHB Tony Long | 0-0: Foul Ball, location: 2F 0-1: Called Strike 0-2: Ball 1-2: Foul Ball, location: 2F 1-2: Ball 2-2: Foul Ball, location: 2F 2-2: Ball 3-2: Ground out 6-3 (Groundball, 6) | Bottom of the 1st over - 0 runs, 0 hits, 0 errors, 0 left on base; Penquannock 4 - Newark 0 | TOP OF THE 2ND |
---|
Penquannock Overrated Jeter batting - Pitching for Newark Bulldogs : RHP Rusty van Rhee | Batting: LHB Roberto Trujillo | 0-0: Called Strike 0-1: Foul Ball, location: 2F 0-2: Ball 1-2: Ball 2-2: Ground out 4-3 (Groundball, 4M) | Batting: RHB Gary Wyatt | 0-0: Called Strike 0-1: Foul Ball, location: 2F 0-2: Ball 1-2: Foul Ball, location: 2F 1-2: Ball 2-2: Foul Ball, location: 2F 2-2: Strikes out looking | Batting: RHB Alberto Campos | 0-0: Ball 1-0: Ball 2-0: Foul Ball, location: 2F 2-1: Called Strike 2-2: Hit by Pitch | Batting: LHB Eric Powell | 0-0: Foul Ball, location: 2F 0-1: Ball 1-1: Fielders Choice at 2nd, U4 (Groundball, 4M) | Top of the 2nd over - 0 runs, 0 hits, 0 errors, 1 left on base; Penquannock 4 - Newark 0 | BOTTOM OF THE 2ND |
---|
Newark Bulldogs batting - Pitching for Penquannock Overrated Jeter : LHP Héctor Díaz | Batting: LHB Gabriel Aragón | 0-0: Called Strike 0-1: Foul Ball, location: 2F 0-2: Foul Ball, location: 2F 0-2: SOLO HOME RUN (Flyball, 89XD), Distance : 410 ft | Batting: LHB Gerardo Guzmán | 0-0: Called Strike 0-1: Ground out 4-3 (Groundball, 4M) | Batting: LHB Jorge Hernández | 0-0: Swinging Strike 0-1: Called Strike 0-2: Foul Ball, location: 2F 0-2: Ball 1-2: Ball 2-2: Ball 3-2: Strikes out looking | Batting: SHB Ismael Sánchez | 0-0: Called Strike 0-1: Ball 1-1: Ball 2-1: Foul Ball, location: 2F 2-2: Ball 3-2: Base on Balls | Batting: LHB Wes Thompson | 0-0: Foul Ball, location: 2F 0-1: Ball 1-1: Ball 2-1: SINGLE (Line Drive, 56D) Ismael Sánchez to second | Batting: RHB Pablo Gómez | 0-0: Called Strike 0-1: Ground out U3 (Groundball, 34) | Bottom of the 2nd over - 1 run, 2 hits, 0 errors, 2 left on base; Penquannock 4 - Newark 1 | TOP OF THE 3RD |
---|
Penquannock Overrated Jeter batting - Pitching for Newark Bulldogs : RHP Rusty van Rhee | Batting: SHB Tim Reid | 0-0: Called Strike 0-1: Ball 1-1: Foul Ball, location: 2F 1-2: Ball 2-2: Strikes out swinging | Batting: SHB Cristián López | 0-0: Ball 1-0: Called Strike 1-1: Ground out 1-3 (Groundball, 15) | Batting: LHB Matt Reese | 0-0: Called Strike 0-1: Ball 1-1: Called Strike 1-2: Ball 2-2: Ball 3-2: Foul Ball, location: 2F 3-2: Foul Ball, location: 2F 3-2: Foul Ball, location: 2F 3-2: Hit by Pitch | Batting: LHB Félix Costa | 0-0: Ball 1-0: Ball 2-0: Called Strike 2-1: DOUBLE (Line Drive, 78D) Matt Reese to third Runner from 3rd tries for Home, SAFE, no throw | Batting: RHB Phil Wright | 0-0: Ball Félix Costa steals 3rd base 1-0: Ground out 5-3 (Groundball, 56S) | Top of the 3rd over - 1 run, 1 hit, 0 errors, 1 left on base; Penquannock 5 - Newark 1 | BOTTOM OF THE 3RD |
---|
Newark Bulldogs batting - Pitching for Penquannock Overrated Jeter : LHP Héctor Díaz | Batting: RHB Dan McKay | 0-0: Ball 1-0: Ball 2-0: Foul Ball, location: 2F 2-1: Foul Ball, location: 2F 2-2: SINGLE (Line Drive, 8LS) | Batting: RHB Norris Howard | 0-0: Ball 1-0: Foul Ball, location: 2F 1-1: Ball 2-1: Ball 3-1: Called Strike 3-2: Base on Balls Dan McKay to second | Pitching: RHP John Kelly | | Batting: RHB Tony Long | 0-0: Called Strike 0-1: Called Strike 0-2: Ball 1-2: Foul Ball, location: 2F 1-2: Ball 2-2: Foul Ball, location: 2F 2-2: Ground out 4-3 (Groundball, 34D) Dan McKay to third Norris Howard to second | Batting: LHB Gabriel Aragón | 0-0: Ball 1-0: Reached on error, E6 (Groundball, 6) Dan McKay scores Norris Howard scores | Batting: LHB Gerardo Guzmán | 0-0: Called Strike 0-1: Foul Ball, location: 2F 0-2: Strikes out swinging | Batting: LHB Jorge Hernández | 0-0: Called Strike 0-1: Ground out U3 (Groundball, 3) | Bottom of the 3rd over - 2 runs, 1 hit, 1 error, 1 left on base; Penquannock 5 - Newark 3 | TOP OF THE 4TH |
---|
Penquannock Overrated Jeter batting - Pitching for Newark Bulldogs : RHP Rusty van Rhee | Batting: LHB Roberto Trujillo | 0-0: Called Strike 0-1: Ball 1-1: Ball 2-1: Ball 3-1: Swinging Strike 3-2: Strikes out swinging | Batting: RHB Gary Wyatt | 0-0: Called Strike 0-1: Ball 1-1: Foul Ball, location: 2F 1-2: SINGLE (Groundball, 3S) (infield hit) | Batting: RHB Alberto Campos | 0-0: Ball 1-0: Called Strike 1-1: Swinging Strike 1-2: Grounds into double play, 6-4-3 (Groundball, 6) | Top of the 4th over - 0 runs, 1 hit, 0 errors, 0 left on base; Penquannock 5 - Newark 3 | BOTTOM OF THE 4TH |
---|
Newark Bulldogs batting - Pitching for Penquannock Overrated Jeter : RHP John Kelly | Batting: SHB Ismael Sánchez | 0-0: Called Strike 0-1: Called Strike 0-2: Ball 1-2: Foul Ball, location: 2F 1-2: Fly out, F9 (Flyball, 9) | Batting: LHB Wes Thompson | 0-0: Called Strike 0-1: Ball 1-1: Swinging Strike 1-2: Foul Ball, location: 2F 1-2: Strikes out looking | Batting: RHB Pablo Gómez | 0-0: SINGLE (Line Drive, 34D) | Batting: RHB Dan McKay | 0-0: Called Strike 0-1: Foul Ball, location: 2F 0-2: Fielders Choice at 2nd, 6-4 (Groundball, 6) | Bottom of the 4th over - 0 runs, 1 hit, 0 errors, 1 left on base; Penquannock 5 - Newark 3 | TOP OF THE 5TH |
---|
Penquannock Overrated Jeter batting - Pitching for Newark Bulldogs : RHP Rusty van Rhee | Batting: LHB Eric Powell | 0-0: Foul Ball, location: 2F 0-1: Ball 1-1: Called Strike 1-2: DOUBLE (Line Drive, 5D) | Batting: SHB Tim Reid | 0-0: Ball 1-0: Called Strike 1-1: Foul Ball, location: 2F 1-2: Foul Ball, location: 2F 1-2: Fly out, F4 (Line Drive, 4) | Batting: SHB Cristián López | 0-0: Ball 1-0: Fly out, F4 (Flyball, 34D) | Batting: LHB Matt Reese | 0-0: Swinging Strike 0-1: Ball 1-1: Foul Ball, location: 2F 1-2: Strikes out swinging | Top of the 5th over - 0 runs, 1 hit, 0 errors, 1 left on base; Penquannock 5 - Newark 3 | BOTTOM OF THE 5TH |
---|
Newark Bulldogs batting - Pitching for Penquannock Overrated Jeter : RHP John Kelly | Batting: RHB Norris Howard | 0-0: Ball 1-0: Called Strike 1-1: Fly out, F7 (Flyball, 7) | Batting: RHB Tony Long | 0-0: Called Strike 0-1: Foul Ball, location: 2F 0-2: Strikes out swinging | Batting: LHB Gabriel Aragón | 0-0: Ball 1-0: Foul Ball, location: 2F 1-1: Ball 2-1: Ball 3-1: Base on Balls | Batting: LHB Gerardo Guzmán | 0-0: Ball 1-0: Ground out 4-3 (Groundball, 4) | Bottom of the 5th over - 0 runs, 0 hits, 0 errors, 1 left on base; Penquannock 5 - Newark 3 | TOP OF THE 6TH |
---|
Penquannock Overrated Jeter batting - Pitching for Newark Bulldogs : RHP Rusty van Rhee | Batting: LHB Félix Costa | 0-0: Ball 1-0: Ball 2-0: Ball 3-0: Base on Balls | Batting: RHB Phil Wright | 0-0: Ball 1-0: Called Strike 1-1: Ball 2-1: Called Strike 2-2: Ground out 5-3 (Groundball, 56S) Félix Costa to second | Batting: LHB Roberto Trujillo | 0-0: Ball 1-0: Ball 2-0: Ball 3-0: Base on Balls | Batting: RHB Gary Wyatt | 0-0: Swinging Strike Balk! Félix Costa to third Roberto Trujillo to second 0-1: Called Strike 0-2: Ball 1-2: Strikes out swinging | Batting: RHB Alberto Campos | 0-0: Ball 1-0: Foul Ball, location: 2F 1-1: Ball 2-1: Ball 3-1: Base on Balls | Pitching: RHP Denver Gallegos | | Batting: LHB Eric Powell | 0-0: Ball 1-0: Ball 2-0: Called Strike 2-1: Swinging Strike 2-2: Strikes out looking | Top of the 6th over - 0 runs, 0 hits, 0 errors, 3 left on base; Penquannock 5 - Newark 3 | BOTTOM OF THE 6TH |
---|
Newark Bulldogs batting - Pitching for Penquannock Overrated Jeter : RHP John Kelly | Batting: LHB Jorge Hernández | 0-0: Ball 1-0: Ball 2-0: Called Strike 2-1: Foul Ball, location: 2F 2-2: Strikes out swinging | Batting: SHB Ismael Sánchez | 0-0: Called Strike 0-1: Ball 1-1: Fly out, F9 (Flyball, 9) | Batting: LHB Wes Thompson | 0-0: Ball 1-0: Fly out, F7 (Flyball, 7S) | Bottom of the 6th over - 0 runs, 0 hits, 0 errors, 0 left on base; Penquannock 5 - Newark 3 | TOP OF THE 7TH |
---|
Penquannock Overrated Jeter batting - Pitching for Newark Bulldogs : RHP Denver Gallegos | Batting: SHB Tim Reid | 0-0: Foul Ball, location: 2F 0-1: Foul Ball, location: 2F 0-2: Foul Ball, location: 2F 0-2: Ball 1-2: Ball 2-2: Reached via error on a dropped throw, E1 | Batting: SHB Cristián López | 0-0: Called Strike 0-1: Called Strike 0-2: Ball 1-2: Foul Ball, location: 2F 1-2: Ball 2-2: Foul Ball, location: 2F 2-2: Ball 3-2: Foul Ball, location: 2F 3-2: Base on Balls Tim Reid to second | Pitching: LHP Josh Wall | | Batting: LHB Matt Reese | 0-0: Ball 1-0: Foul Ball, location: 2F 1-1: Ball 2-1: Fly out, F5 (Flyball, 5D) | Batting: LHB Félix Costa | 0-0: Ball 1-0: Foul Ball, location: 2F 1-1: Ball 2-1: Ball 3-1: Base on Balls Tim Reid to third Cristián López to second | Pitching: RHP Bart Brown | | Batting: RHB Phil Wright | 0-0: DOUBLE (Flyball, 8RXD) Tim Reid scores Cristián López scores Félix Costa to third Runner from 3rd tries for Home, SAFE, no throw | Batting: LHB Roberto Trujillo | 0-0: Called Strike 0-1: Foul Ball, location: 2F 0-2: Ball 1-2: Ball 2-2: Foul Ball, location: 2F 2-2: Ball 3-2: Strikes out swinging, 2-3 out at first. | Batting: RHB Gary Wyatt | 0-0: Swinging Strike 0-1: Ball 1-1: Ball 2-1: Called Strike 2-2: Strikes out swinging | Top of the 7th over - 3 runs, 1 hit, 1 error, 1 left on base; Penquannock 8 - Newark 3 | BOTTOM OF THE 7TH |
---|
Newark Bulldogs batting - Pitching for Penquannock Overrated Jeter : RHP John Kelly | Pitching: RHP Leonard Christensen | | Batting: RHB Pablo Gómez | 0-0: Ball 1-0: Called Strike 1-1: Fly out, F9 (Flyball, 9S) | Batting: RHB Dan McKay | 0-0: Ball 1-0: Called Strike 1-1: Foul Ball, location: 2F 1-2: Ball 2-2: Strikes out looking | Batting: RHB Norris Howard | 0-0: Foul Ball, location: 2F 0-1: Ball 1-1: Ball 2-1: Fly out, F7 (Flyball, 7LM) | Bottom of the 7th over - 0 runs, 0 hits, 0 errors, 0 left on base; Penquannock 8 - Newark 3 | TOP OF THE 8TH |
---|
Penquannock Overrated Jeter batting - Pitching for Newark Bulldogs : RHP Bart Brown | Batting: RHB Alberto Campos | 0-0: Foul Ball, location: 2F 0-1: Ball 1-1: Ball 2-1: SOLO HOME RUN (Flyball, 8RXD), Distance : 435 ft | Batting: LHB Eric Powell | 0-0: Called Strike 0-1: Ball 1-1: Ball 2-1: Swinging Strike 2-2: Ball 3-2: Base on Balls | Batting: SHB Tim Reid | 0-0: Called Strike 0-1: Foul Ball, location: 2F 0-2: Ball 1-2: Strikes out looking | Batting: SHB Cristián López | 0-0: Ball Eric Powell steals 2nd base 1-0: Ground out U3 (Groundball, 3) Eric Powell to third | Batting: LHB Matt Reese | 0-0: Ground out U3 (Groundball, 3) | Top of the 8th over - 1 run, 1 hit, 0 errors, 1 left on base; Penquannock 9 - Newark 3 | BOTTOM OF THE 8TH |
---|
Newark Bulldogs batting - Pitching for Penquannock Overrated Jeter : RHP Leonard Christensen | Batting: RHB Tony Long | 0-0: Called Strike 0-1: Ball 1-1: Foul Ball, location: 2F 1-2: Ball 2-2: Hit by Pitch | Batting: LHB Gabriel Aragón | 0-0: Foul Ball, location: 2F 0-1: Ball 1-1: Ground out 6-3 (Groundball, 6S) Tony Long to second | Batting: LHB Gerardo Guzmán | 0-0: Swinging Strike 0-1: Ball 1-1: Called Strike 1-2: Strikes out looking | Batting: LHB Jorge Hernández | 0-0: Called Strike 0-1: Called Strike 0-2: Ball 1-2: Ball 2-2: Ball 3-2: Base on Balls | Batting: SHB Ismael Sánchez | 0-0: Ball 1-0: Fly out, F8 (Flyball, 8RD) | Bottom of the 8th over - 0 runs, 0 hits, 0 errors, 2 left on base; Penquannock 9 - Newark 3 | TOP OF THE 9TH |
---|
Penquannock Overrated Jeter batting - Pitching for Newark Bulldogs : RHP Bart Brown | Batting: LHB Félix Costa | 0-0: Ball 1-0: Foul Ball, location: 2F 1-1: Ball 2-1: Fly out, F4 (Line Drive, 34) | Batting: RHB Phil Wright | 0-0: Ball 1-0: Swinging Strike 1-1: Foul Ball, location: 2F 1-2: Foul Ball, location: 2F 1-2: Ground out 5-3 (Groundball, 56) | Batting: LHB Roberto Trujillo | 0-0: Called Strike 0-1: Ball 1-1: Ball 2-1: Ball 3-1: Base on Balls | Batting: RHB Gary Wyatt | 0-0: Swinging Strike 0-1: Ball 1-1: Foul Ball, location: 2F 1-2: Fly out, F9 (Flyball, 9S) | Top of the 9th over - 0 runs, 0 hits, 0 errors, 1 left on base; Penquannock 9 - Newark 3 | BOTTOM OF THE 9TH |
---|
Newark Bulldogs batting - Pitching for Penquannock Overrated Jeter : RHP Leonard Christensen | Batting: LHB Wes Thompson | 0-0: Swinging Strike 0-1: Swinging Strike 0-2: Foul Ball, location: 2F 0-2: Ball 1-2: Strikes out looking | Batting: RHB Pablo Gómez | 0-0: Fly out, F9 (Flyball, 89D) | Batting: RHB Dan McKay | 0-0: Ball 1-0: Ball 2-0: Called Strike 2-1: Ball 3-1: Base on Balls | Batting: RHB Norris Howard | 0-0: Ball 1-0: Swinging Strike 1-1: Called Strike 1-2: SINGLE (Flyball, 9LM) Dan McKay to second | Batting: RHB Tony Long | 0-0: Ball Wild Pitch! Dan McKay to third Norris Howard to second 1-0: Foul Ball, location: 2F 1-1: Ground out 5-3 (Groundball, 56) | Bottom of the 9th over - 0 runs, 1 hit, 0 errors, 2 left on base; Penquannock 9 - Newark 3 | |